 Dungeon Crawl Stone Soup version 0.21-a0-498-g1b60429 (webtiles) character file.

37 Goblin1989 the Shield-Bearer (level 3, -1/35 HPs)
             Began as a Gnoll Fighter on Nov 24, 2017.
             Succumbed to a scorpion's poison
             ... on level 2 of the Dungeon.
             The game lasted 00:01:17 (801 turns).

Goblin1989 the Shield-Bearer (Gnoll Fighter)         Turns: 801, Time: 00:01:18

Health: -1/35      AC:  7    Str: 19    XL:     3   Next: 41%
Magic:  4/4        EV:  8    Int: 10    God:
Gold:   34         SH: 10    Dex: 14    Spells: 3/3 levels left

rFire    . . .     SeeInvis .   a - +0 flail
rCold    . . .     Gourm    .   c - +0 shield
rNeg     . . .     Faith    .   b - +0 scale mail
rPois    .         Spirit   .   (no helmet)
rElec    .         Reflect  .   (no cloak)
rCorr    .         Harm     .   (no gloves)
MR       .....                  (no boots)
Stlth    ..........             (no amulet)
HPRegen  0.11/turn              (no ring)
MPRegen  0.09/turn              (no ring)

@: lethally poisoned (-1 -> -34)
A: distributed training, fangs 1, strong nose
a: no special abilities


You were on level 2 of the Dungeon.
You were not hungry.

You visited 1 branch of the dungeon, and saw 2 of its levels.

You collected 34 gold pieces.

Inventory:

Hand Weapons
 a - a +0 flail (weapon)
Missiles
 h - 11 arrows
 i - 26 stones (quivered)
Armour
 b - a +0 scale mail (worn)
 c - a +0 shield (worn)
Scrolls
 l - a scroll of identify {unknown}
 m - a scroll of enchant weapon {unknown}
Potions
 d - a potion of might
 j - 2 potions of haste {unknown}
Comestibles
 e - a bread ration {@e1}
 f - 6 fruits
 k - 5 chunks of flesh
 n - a meat ration {@e2}


   Skills:
 + Level 6.5 Fighting
 + Level 0.7 Short Blades
 + Level 0.7 Long Blades
 + Level 0.7 Axes
 + Level 4.5 Maces & Flails
 + Level 0.7 Polearms
 + Level 0.7 Staves
 + Level 0.7 Slings
 + Level 0.7 Bows
 + Level 0.7 Crossbows
 + Level 0.7 Throwing
 + Level 6.5 Armour
 + Level 0.7 Dodging
 + Level 0.7 Stealth
 + Level 6.5 Shields
 + Level 0.7 Unarmed Combat
 + Level 0.7 Spellcasting
 + Level 0.5 Conjurations
 + Level 0.5 Hexes
 + Level 0.5 Charms
 + Level 0.5 Summonings
 + Level 0.5 Necromancy
 + Level 0.5 Translocations
 + Level 0.5 Transmutations
 + Level 0.5 Fire Magic
 + Level 0.5 Ice Magic
 + Level 0.5 Air Magic
 + Level 0.5 Earth Magic
 + Level 0.5 Poison Magic
 + Level 0.9 Invocations
 + Level 0.7 Evocations


You had 3 spell levels left.
You didn't know any spells.

Dungeon Overview and Level Annotations

Branches:
Dungeon (2/15)

Altars:


Innate Abilities, Weirdness & Mutations

Your experience applies equally to all skills.
You have very sharp teeth.
Your uncanny sense of smell can sniff out nearby items.


Message History

No target in view!
No target in view!
No target in view!
No target in view!
No target in view!
No target in view!
No target in view!
No target in view!
No target in view!
No target in view!
No target in view!
Unknown command.
Magic restored.
You butcher the adder corpse.
k - 2 chunks of flesh MP restored: 4 You butcher the hobgoblin corpse.
k - 5 chunks of flesh (gained 3)
l - a scroll labeled NOASUTW UHEOFI
m - a scroll labeled WYHEAG BOIBEJ You see here a hand axe.
As you open the door, it creaks loudly!
Found a stone staircase leading down.
There is an open door here.
n - a meat ration {@e2} A scorpion comes into view.
You barely miss the scorpion. The scorpion stings you.
You are poisoned.
The scorpion poisons you!
You take 3 damage, and have 32/35 hp.
You thump the scorpion!
The scorpion is moderately wounded.
You feel sick. The scorpion stings you!
You take 8 damage, and have 24/35 hp.
MASSIVE DAMAGE!!
You sock the scorpion!
The scorpion is severely wounded.
You feel sick.
The scorpion stings you but does no damage.
The scorpion completely misses you.
You take 1 damage, and have 23/35 hp.
You hit the scorpion but do no damage.
The scorpion is severely wounded.
You feel sick.
The scorpion stings you but does no damage.
You take 1 damage, and have 22/35 hp.
Your scale mail prevents you from hitting the scorpion.
The scorpion is severely wounded.
You feel sick. The scorpion stings you.
You are more poisoned.
The scorpion poisons you!
You take 6 damage, and have 16/35 hp.
You are too injured to fight recklessly!
You are too injured to fight recklessly!
You are too injured to fight recklessly!
You are too injured to fight recklessly!
You are too injured to fight recklessly!
You are too injured to fight recklessly!
You are too injured to fight recklessly!
You are too injured to fight recklessly!
You are too injured to fight recklessly!
You are too injured to fight recklessly!
You are too injured to fight recklessly!
You are too injured to fight recklessly!
You are too injured to fight recklessly!
You are too injured to fight recklessly!
You are too injured to fight recklessly!
You are too injured to fight recklessly!
You are too injured to fight recklessly!
You are too injured to fight recklessly!
You are too injured to fight recklessly!
You are too injured to fight recklessly!
You are too injured to fight recklessly!
You are too injured to fight recklessly!
You are too injured to fight recklessly!
Unknown command.
You barely miss the scorpion.
The scorpion is severely wounded.
You feel sick. The scorpion stings you.
* * * LOW HITPOINT WARNING * * *
You are lethally poisoned!
The scorpion poisons you! You block the scorpion's attack.
You take 3 damage, and have 13/35 hp.
You barely miss the scorpion.
You bite the scorpion, but do no damage.
The scorpion is severely wounded.
* * * LOW HITPOINT WARNING * * *
You feel sick. You block the scorpion's attack.
You take 2 damage, and have 11/35 hp.
Unknown command.
You barely miss the scorpion.
The scorpion is severely wounded.
* * * LOW HITPOINT WARNING * * *
You feel sick. The scorpion stings you!
* * * LOW HITPOINT WARNING * * *
You are more poisoned.
The scorpion poisons you!
You take 9 damage, and have 2/35 hp.
MASSIVE DAMAGE!!
You hit the scorpion. Your bite misses the scorpion.
The scorpion is almost dead.
You die...

...█ █.█ ...█ █.█
...█ █.█ ...█ █.█
...█ █.█ .███ █.█
.██████.██████████
.∆..............[█
.██████.████████@█
......█.█


█s█ ..██.██.█ █$█ █.██.██.█ █.█ █.██.██.█ █.█ █.██.██.. █)█ █.██.██. █.█ █.██.█
█.█ ∆ █.██.█ You could see a scorpion.

Vanquished Creatures
  An adder (D:2)
  An ooze (D:2)
  A leopard gecko (D:1)
  3 bats (D:1)
  A giant cockroach (D:1)
  6 goblins
  3 hobgoblins
  4 kobolds
  2 rats
22 creatures vanquished.

Notes
Turn   | Place    | Note
-------+----------+-------------------------------------------
     0 | D:1      | Goblin1989 the Gnoll Fighter began the quest for the Orb.
     0 | D:1      | Reached XP level 1. HP: 23/23 MP: 1/1
    61 | D:1      | Reached XP level 2. HP: 27/29 MP: 2/2
   696 | D:2      | Reached XP level 3. HP: 35/35 MP: 3/3
   791 | D:2      | Noticed a scorpion
   801 | D:2      | Succumbed to a scorpion's poison

Vault maps used:
D:1:      dpeg_arrival_orchard
D:2:      first_bread, minmay_small_reverse_x

Action                   || total
-------------------------++-------
Melee: Flail             ||    75
       Bite              ||     2
Armor: Scale mail        ||    24
Dodge: Dodged            ||    21
Block: Shield            ||    42

Table legend:
 A = Spawn XP
 B = Non-spawn XP
 C = Spawn XP percentage of total XP
 D = Spawn monster count
 E = Non-spawn monster count
 F = Spawn count percentage of total count
 G = Total turns spent on level
                    A         B        C        D         E        F      G
               +---------+---------+-------+---------+---------+-------+---------
         Total |       0 |      54 |   0.0 |       0 |      22 |   0.0 |   801
               +---------+---------+-------+---------+---------+-------+---------
           D:1 |       0 |      28 |   0.0 |       0 |      16 |   0.0 |   618
           D:2 |       0 |      26 |   0.0 |       0 |       6 |   0.0 |   183
               +---------+---------+-------+---------+---------+-------+---------

Vault maps used:
D:1:      dpeg_arrival_orchard
D:2:      first_bread, minmay_small_reverse_x
